 Dungeon Crawl Stone Soup version 0.17.0-28-g6e173f8 (webtiles) character file.

4537 PossumBlood the Covert (level 10, -8/71 HPs)
             Began as an Octopode Monk on Dec 3, 2015.
             Was a High Priest of Cheibriados.
             Mangled by a blink frog (20 damage)
             ... on level 8 of the Dungeon.
             The game lasted 00:22:15 (7291 turns).

PossumBlood the Covert (Octopode Monk)              Turns: 7291, Time: 00:22:15

Health: -8/71      AC:  1    Str: 24    XL:     10   Next: 40%
Magic:  19/19      EV: 22    Int: 26    God:    Cheibriados [*****.]
Gold:   374        SH:  0    Dex: 33    Spells: 0 memorised, 9 levels left

rFire  . . .     SeeInvis .       - Unarmed
rCold  . . .     Clarity  .     (no shield)
rNeg   . . .     SustAt   +     (helmet restricted)
rPois  +         Gourm    .     (no amulet)
rElec  .         Spirit   .     r - ring of magical power
rCorr  .         Warding  .     p - ring of sustain attributes
rMut   .         Stasis   .     x - ring of stealth
MR     .....                    B - ring of poison resistance
Stlth  ++++++++..               (no ring)
                                (no ring)
                                (no ring)
                                (no ring)

@: drained, very slow, not resistant to hostile enchantments, extraordinarily
stealthy
A: almost no armour, amphibious, 8 rings, constrict 8, camouflage 1, gelatinous
body 1
a: Bend Time, Temporal Distortion, Slouch, Step From Time, Renounce Religion


You were on level 8 of the Dungeon.
You worshipped Cheibriados.
Cheibriados was extremely pleased with you.
You were not hungry.

You visited 1 branch of the dungeon, and saw 8 of its levels.

You collected 374 gold pieces.

Inventory:

Hand Weapons
 y - a +1 great sword of freezing
Jewellery
 p - a ring of sustain attributes (right tentacle)
 r - a ring of magical power (left tentacle)
 x - a ring of stealth (on tentacle)
 B - a ring of poison resistance (on tentacle)
 C - an uncursed ring of flight {unknown}
Wands
 v - a wand of confusion (48)
 A - a wand of confusion (21)
Scrolls
 c - 2 scrolls of amnesia
 f - a scroll of remove curse
 k - 3 scrolls of enchant armour
 m - 3 scrolls of magic mapping
 o - a scroll of fear {unknown}
 q - 2 scrolls of identify
 u - a scroll of teleportation
 w - a scroll of enchant weapon {unknown}
Potions
 d - 2 potions of flight {unknown}
 e - a potion of agility {unknown}
 g - a potion of degeneration {unknown}
 j - a potion of lignification {unknown}
 l - 2 potions of cure mutation
 n - a potion of haste {unknown}
 t - 3 potions of invisibility {unknown}
 z - 2 potions of might {unknown}
Comestibles
 a - 4 bread rations
 b - 5 meat rations
 i - 2 beef jerkies
 s - a slice of pizza


   Skills:
 + Level 7.2(6.6) Fighting
 + Level 8.6(8.0) Dodging
 + Level 10.5(9.9) Stealth
 + Level 9.0(8.3) Unarmed Combat


You had 9 spell levels left.
You didn't know any spells.

Dungeon Overview and Level Annotations

Branches:
Dungeon (8/15)             Temple (0/1) D:6            Lair (0/8) D:8

Altars:
Cheibriados
Dithmenos
Okawaru
Ru
Sif Muna
Trog


Innate Abilities, Weirdness & Mutations

You cannot wear most types of armour.
You are amphibious.
You can wear up to eight rings at the same time.
You can use your tentacles to constrict eight enemies at once.
Your skin changes colour to match your surroundings (Stealth).
Your rubbery body absorbs attacks (AC +1).


Message History

You feel drained. The blink frog hits you!
* * * LOW HITPOINT WARNING * * *
Things that are here:
a flail; an orc corpse The blink frog misses you.
The blink frog hits you but does no damage.
The orc priest hits you with a whip.
* * * LOW HITPOINT WARNING * * *
The orc priest closely misses you. The blink frog misses you.
The blink frog completely misses you. The black bear closely misses you.
The black bear completely misses you. x2
The blink frog hits you.
* * * LOW HITPOINT WARNING * * *
The orc priest hits you with a whip.
* * * LOW HITPOINT WARNING * * *
The black bear bites you.
* * * LOW HITPOINT WARNING * * *
The black bear closely misses you. The black bear completely misses you.
The blink frog hits you!!
You die...

...# ##.#######
..>......## . #.......<#
.. #.#.##.### ##.#######
#.# #...#
.......†.######.## ###.#
........F.@......# #.#
.......ohF#####..#####.#
......).oo# #....#.....#
..>.....).# #.##.#.#####
.........## #. #.#.#
.........# # #.#.##
.........# #....#
.......... ######
###.......


You could see a spiny frog, a blink frog, a black bear, 2 orc priests and an
orc.

Vanquished Creatures
  Pikel (D:6)
  Prince Ribbit (D:7)
  A hungry ghost (D:7)
  6 yaks (D:5)
  A hippogriff (D:7)
  An ice beast (D:7)
  A sky beast (D:7)
  4 ogres
  A phantom (D:4)
  An orc warrior (D:7)
  A necrophage (D:5)
  A crocodile (D:8)
  3 centaurs (D:7)
  4 big kobolds (D:7)
  A water moccasin zombie (D:4)
  2 giant frogs
  A scorpion (D:5)
  3 wights (D:6)
  3 hounds
  A centaur skeleton (D:4)
  2 jellies
  5 orc wizards
  A giant frog skeleton (D:4)
  4 orc priests
  4 gnoll shamans (D:7)
  5 worker ants
  2 hound zombies
  A hound skeleton (D:5)
  10 adders
  10 gnolls
  3 shadow imps
  An adder skeleton (D:6)
  An adder zombie (D:7)
  2 oozes
  2 worms
  5 giant geckos
  17 orcs
  13 bats
  2 giant cockroaches
  4 goblins
  11 hobgoblins
  19 jackals
  2 quokkas
  A ball python (D:2)
  6 giant newts
  11 kobolds
  3 quokka skeletons
  A quokka zombie (D:5)
  10 rats
196 creatures vanquished.

Notes
Turn   | Place    | Note
--------------------------------------------------------------
     0 | D:1      | PossumBlood the Octopode Monk began the quest for the Orb.
     0 | D:1      | Reached XP level 1. HP: 16/16 MP: 1/1
   113 | D:1      | Reached XP level 2. HP: 17/21 MP: 2/2
   418 | D:1      | Reached XP level 3. HP: 17/26 MP: 3/3
  1145 | D:2      | Reached XP level 4. HP: 31/31 MP: 4/4
  1249 | D:2      | Found an iron altar of Okawaru.
  1415 | D:2      | Found a snail-covered altar of Cheibriados.
  1422 | D:2      | Became a worshipper of Cheibriados the Contemplative
  1422 | D:2      | Reached * piety under Cheibriados
  1422 | D:2      | Reached ** piety under Cheibriados
  2327 | D:3      | Reached XP level 5. HP: 32/36 MP: 5/5
  2722 | D:4      | Noticed a phantom
  2730 | D:4      | Killed a phantom
  2730 | D:4      | Reached skill level 5 in Unarmed Combat
  2740 | D:4      | Reached *** piety under Cheibriados
  2740 | D:4      | Reached skill level 5 in Stealth
  2740 | D:4      | Reached XP level 6. HP: 34/43 MP: 6/6
  3245 | D:4      | Reached XP level 7. HP: 48/48 MP: 7/7
  3405 | D:5      | Entered Level 5 of the Dungeon
  3437 | D:5      | Noticed a yak
  3438 | D:5      | Noticed a yak
  3439 | D:5      | Noticed a yak
  3441 | D:5      | Noticed a yak
  3441 | D:5      | Reached skill level 6 in Stealth
  3448 | D:5      | Noticed a yak
  3456 | D:5      | Noticed a yak
  3456 | D:5      | Killed a yak
  3456 | D:5      | Reached skill level 5 in Dodging
  3464 | D:5      | Killed a yak
  3464 | D:5      | Reached **** piety under Cheibriados
  3464 | D:5      | Reached XP level 8. HP: 15/54 MP: 8/8
  3471 | D:5      | Killed a yak
  3471 | D:5      | Reached skill level 5 in Fighting
  3477 | D:5      | Killed a yak
  3478 | D:5      | Killed a yak
  3478 | D:5      | Reached skill level 7 in Stealth
  3481 | D:5      | Killed a yak
  4070 | D:5      | Found a bloodstained altar of Trog.
  4263 | D:5      | Found a shadowy altar of Dithmenos.
  4334 | D:5      | Reached XP level 9. HP: 60/62 MP: 9/9
  4641 | D:6      | Found a deep blue altar of Sif Muna.
  4847 | D:6      | Reached ***** piety under Cheibriados
  5144 | D:6      | Noticed Pikel
  5150 | D:6      | Killed Pikel
  5150 | D:6      | Reached skill level 8 in Stealth
  5371 | D:6      | Found a staircase to the Ecumenical Temple.
  5809 | D:7      | Reached skill level 9 in Stealth
  6018 | D:7      | Found a sacrificial altar of Ru.
  6204 | D:7      | Noticed Prince Ribbit
  6211 | D:7      | Killed Prince Ribbit
  6211 | D:7      | Reached XP level 10. HP: 50/69 MP: 10/10
  6456 | D:7      | Reached skill level 10 in Stealth
  6495 | D:7      | HP: 2/71 [something (5)]
  7275 | D:8      | Found a staircase to the Lair.
  7291 | D:8      | Mangled by a blink frog

Action                   |  1- 3 |  4- 6 |  7- 9 | 10-12 || total
-------------------------+-------+-------+-------+-------++-------
Melee: Unarmed           |    61 |   115 |   174 |    67 ||   417
  Use: Scroll            |     1 |     4 |    10 |       ||    15
       Potion            |       |     2 |     3 |     2 ||     7
 Stab: Sleeping          |     6 |    14 |    16 |     7 ||    43
       Distracted        |     2 |       |     1 |       ||     3
  Eat: Bread ration      |       |     1 |     2 |       ||     3
